 Dungeon Crawl Stone Soup version 0.30-a0-458-g86641cc369 (webtiles) character file.

Game seed: 3153470011372838966

3865878 MackTheKnife the Acrobat (level 27, 221/228 HPs)
             Began as a Djinni Summoner on Dec 13, 2022.
             Was the Champion of Ashenzari.
             Escaped with the Orb
             ... and 5 runes on Dec 14, 2022!
             The game lasted 02:59:52 (53262 turns).

MackTheKnife the Acrobat (Djinni Summoner)         Turns: 53262, Time: 02:59:53

Health: 221/228    AC: 19    Str: 10      XL:     27
Gold:   2298       EV: 40    Int: 29      God:    Ashenzari [******] SH: 20 Dex: 27 (28)

rFire   + + .      SeeInvis +    f - +9 double sword "Shackled Annoyance" {vamp, longrare=g, Evo, Melee} (curse)
rCold   + . .      Faith    .    w - +3 warlock's mirror {reflect, Self, Fort} (curse)
rNeg    + + +      Spirit   .    B - +1 robe of Vines {NoPotionHeal Regen++++, Evo, Fort} (curse)
rPois   ∞          Reflect  +    q - +2 hat of the Esoteric Yoke {Cun, Self} (curse)
rElec   +          Harm     .    G - +0 cloak "Mysticism of Ashenzari" {Contam rCorr Str+3 Dex+2, Self, Melee} (curse)
rCorr   +          Rampage  .    Q - +2 pair of gloves of Ashenzari's Chagrin {Dex+3, Cun, Fort} (curse)
Will    +++++      Clarity  +    (boots unavailable)
Stlth   ++........               M - amulet of the Shackled Pleiades {Reflect Will+++ Dex-2 Slay+2 SH+5 SInv, Fort, Self} (curse)
HPRegen 3.78/turn                z - ring "Manifest Bad Feelings" {rC+ rN+ Will+ Int+3, Melee, Evo} (curse)
MPRegen 0.00/turn                l - ring "Shackled With Me" {Dex+6, Cun, Self} (curse)

@: lich-form, flying, studying 4 skills
A: draining attack, torment immunity, no potions, flying, sickness immunity,
fire resistance 2, cold vulnerability 1, float, innate caster, HP casting, extra
vitality 1, iridescent scales 1, clarity, deterioration 1, electricity
resistance
0: Orb of Zot
}: 5/15 runes: serpentine, barnacled, slimy, silver, abyssal
a: End Transformation, Renounce Religion, Shatter the Chains


You escaped.
You worshipped Ashenzari.
Ashenzari was exalted by your worship.
You were an undead lich.
You visited 10 branches of the dungeon, and saw 52 of its levels.
You visited the Abyss 3 times.
You visited 2 bazaars.
You visited 1 ziggurat, and saw 14 of its levels.
You also visited: Volcano.

You collected 7679 gold pieces.
You spent 5381 gold pieces at shops.


Innate Abilities, Weirdness & Mutations

You are an undead lich.
Your unarmed attacks are suffused with negative energy.
You are immune to unholy pain and torment.
Your necromantic spells are more powerful.
You cannot drink.
You are flying.
You are immune to sickness and miasma.
You are immune to poison.
Your flesh is very heat resistant. (rF++)
You are vulnerable to cold. (rC-)
You float through the air rather than walking.
You learn spells naturally, not from books.
Your magical power is your life essence.
You have superior vitality. (+4 MHP)
You are partially covered in iridescent scales. (AC +2)
You possess an exceptional clarity of mind.
Your body sometimes deteriorates upon taking damage.
You are resistant to electric shocks. (rElec)


   Skills:
 - Level 21.6(27) Fighting
 - Level 8.0(19.3) Short Blades
 - Level 22.5(27) Long Blades
 - Level 7.5(13.6) Armour
 - Level 23.6(27) Dodging
 - Level 6.8(11.8) Stealth
 + Level 19.5(25.4) Shields
 - Level 20.5(27) Spellcasting
 - Level 12.7(17.8) Evocations


You couldn't memorise any spells.
You knew the following spells:

 Your Spells              Type           Power      Damage    Failure   Level
a - Summon Small Mammal   Summ           100%       N/A       0%          1
b - Call Imp              Summ           100%       N/A       0%          2
c - Call Canine Familiar  Summ           100%       N/A       0%          3
d - Summon Guardian Gole  Hex/Summ       100%       N/A       0%          3
e - Summon Lightning Spi  Summ/Air       100%       N/A       0%          4
f - Enfeeble              Hex            57%        N/A       0%          7
g - Frozen Ramparts       Ice            100%       1d16      0%          3
h - Cause Fear            Hex            57%        N/A       0%          4
i - Flame Wave            Conj/Fire      100%       2d21      0%          4
j - Silence               Hex/Air        57%        N/A       0%          5
k - Eringya's Noxious Bo  Tmut/Pois      57%        N/A       0%          6
l - Summon Hydra          Summ           57%        N/A       0%          7
m - Statue Form           Tmut/Erth      76%        N/A       0%          6
n - Blink                 Tloc           100%       N/A       0%          2
o - Necromutation         Tmut/Necr      69%        N/A       1%          8
p - Death's Door          Necr           69%        N/A       1%          9
r - Ignition              Fire           57%        3d16      1%          8
z - Freeze                Ice            100%       1d10      0%          1
Your spell library was empty.

Inventory:

Hand Weapons
 f - the cursed +9 double sword "Shackled Annoyance" (weapon) {vamp, longrare=g, Evo, Melee}
   (You found it on level 11 of the Dungeon)

   It occasionally heals its wielder for a portion of the damage dealt when it
   wounds a living foe.
   It has a curse which improves the following skills: Evocations: Evocations.
   Melee Combat: Short Blades, Long Blades, Axes, Maces & Flails, Polearms,
   Staves and Unarmed Combat.
Armour
 q - the cursed +2 hat of the Esoteric Yoke (worn) {Cun, Self}
   (You found it on level 2 of the Dungeon)

   It has a curse which improves the following skills: Cunning: Dodging and
   Stealth.
   Introspection: Fighting and Spellcasting.
 r - +0 storm dragon scales {rare}
   (You found it on level 1 of the Realm of Zot)
 w - the cursed +3 warlock's mirror (worn) {reflect, Self, Fort}
   (You bought it in a shop on level 4 of the Snake Pit)

   It can block and reflect piercing ranged attacks and magical attacks against
   the wielder's willpower.
   It has a curse which improves the following skills: Introspection: Fighting
   and Spellcasting.
   Fortitude: Armour and Shields.
 B - the cursed +1 robe of Vines (worn) {NoPotionHeal Regen++++, Evo, Fort}
   (You bought it in a shop on level 5 of the Vaults)

   Its wearer cannot be healed by potions.
   Regen:     It increases your rate of health regeneration.
   It has a curse which improves the following skills: Evocations: Evocations.
   Fortitude: Armour and Shields.
 G - the cursed +0 cloak "Mysticism of Ashenzari" (worn) {Contam rCorr Str+3 Dex+2, Self, Melee}
   (You found it on level 2 of the Elven Halls)

   Str:       It affects your strength (+3).
   Dex:       It affects your dexterity (+2).
   Contam:    It causes magical contamination when unequipped.
   rCorr:     It protects you from acid and corrosion.
   It has a curse which improves the following skills: Introspection: Fighting
   and Spellcasting.
   Melee Combat: Short Blades, Long Blades, Axes, Maces & Flails, Polearms,
   Staves and Unarmed Combat.
 I - +0 storm dragon scales {rare}
   (You found it on level 2 of the Realm of Zot)
 L - +0 storm dragon scales {rare}
   (You found it on level 3 of the Realm of Zot)
 Q - the cursed +2 pair of gloves of Ashenzari's Chagrin (worn) {Dex+3, Cun, Fort}
   (You found it on level 3 of the Elven Halls)

   It has a curse which improves the following skills: Cunning: Dodging and
   Stealth.
   Fortitude: Armour and Shields.
Jewellery
 l - the cursed ring "Shackled With Me" (right hand) {Dex+6, Cun, Self}
   (You acquired it on level 1 of the Lair of Beasts)

   [ring of dexterity]

   Dex:       It affects your dexterity (+6).
   It has a curse which improves the following skills: Cunning: Dodging and
   Stealth.
   Introspection: Fighting and Spellcasting.
 p - the ring of the Queen {rN+++ Will+++ Dex-3 Slay+4 Stlth-}
   (You acquired it on level 5 of the Vaults)

   [ring of slaying]

   Dex:       It affects your dexterity (-3).
   Slay:      It affects your accuracy & damage with ranged weapons and melee
   (+4).
   rN:        It renders you almost immune to negative energy.
   Will:      It greatly increases your willpower.
   Stlth:     It makes you less stealthy.
 z - the cursed ring "Manifest Bad Feelings" (left hand) {rC+ rN+ Will+ Int+3, Melee, Evo}
   (You found it on level 11 of a ziggurat)

   [ring of positive energy]

   Int:       It affects your intelligence (+3).
   rC:        It protects you from cold.
   rN:        It protects you from negative energy.
   Will:      It increases your willpower.
   It has a curse which improves the following skills: Melee Combat: Short
   Blades, Long Blades, Axes, Maces & Flails, Polearms, Staves and Unarmed
   Combat.
   Evocations: Evocations.
 M - the cursed amulet of the Shackled Pleiades (around neck) {Reflect Will+++ Dex-2 Slay+2 SH+5 SInv, Fort, Self}
   (You acquired it on level 4 of the Vaults)

   [amulet of reflection]

   It reflects blocked missile attacks.
   Dex:       It affects your dexterity (-2).
   Slay:      It affects your accuracy & damage with ranged weapons and melee
   (+2).
   SInv:      It lets you see invisible.
   SH:        It affects your SH (+5).
   Will:      It greatly increases your willpower.
   It has a curse which improves the following skills: Fortitude: Armour and
   Shields.
   Introspection: Fighting and Spellcasting.
Wands
 g - a wand of charming (19)
   (You found it on level 8 of the Dungeon)
 y - a wand of acid (22)
   (You found it on level 12 of the Dungeon)
 F - a wand of digging (12)
   (You took it off an orc sorcerer on level 13 of the Dungeon)
Scrolls
 a - 2 scrolls of fear
 c - 7 scrolls of enchant weapon
 d - 5 scrolls of immolation {!r!r}
 i - 2 scrolls of brand weapon
 j - 7 scrolls of enchant armour
 k - 6 scrolls of magic mapping {!r}
 n - 14 scrolls of blinking {!r}
 A - 3 scrolls of silence {!r}
 C - 12 scrolls of teleportation {@r4}
 E - 14 scrolls of poison
 T - 2 scrolls of summoning
 U - 9 scrolls of fog
Potions
 e - a potion of brilliance
 m - 22 potions of mutation {!q}
 o - 8 potions of haste {@q3}
 s - 28 potions of curing {@q1}
 t - 8 potions of cancellation
 u - 17 potions of heal wounds {@q2}
 v - 4 potions of invisibility
 H - 2 potions of resistance
 J - 4 potions of attraction {!q}
 K - 4 potions of lignification {!q}
 O - 4 potions of might
 P - 2 potions of ambrosia
Miscellaneous
 b - a phial of floods
   (You found it on level 3 of the Shoals)
 h - a condenser vane
   (You found it on level 4 of the Shoals)
 x - a lightning rod (4/4)
   (You found it on level 4 of the Shoals)
 D - a phantom mirror
   (You found it on level 13 of the Dungeon)
 N - a box of beasts
   (You found it on level 3 of the Snake Pit)

Dungeon Overview and Level Annotations

Branches:
Dungeon (15/15)            Temple (0/1) D:6            Lair (5/5) D:10
 Shoals (4/4) Lair:3        Snake (4/4) Lair:3        Slime (5/5) Lair:5
    Orc (2/2) D:12            Elf (3/3) Orc:2        Vaults (5/5) D:13
  Crypt (0/3) Vaults:3     Depths (4/4) D:15            Zot (5/5) Depths:4
Volcano (visited)

Altars:
Ashenzari
Cheibriados
Elyvilon
Fedhas
Gozag
Qazlal
Ru
Trog
Uskayaw
Xom
Zin
Jiyva
Lugonu

Shops:
D:1 :   D:7 *   Orc:2 (?:(   Elf:1 *   Snake:1 [*   Snake:4 [![=   Vaults:1 :
Vaults:5 *

Portals:
Hell: Depths:1 Depths:2 Depths:3 Depths:4
Abyss: Lair:5 Depths:1 Depths:2 Depths:3 Depths:4
Pandemonium: Depths:2

Annotations:
D:7 2 runed translucent doors, Athor's ghost, novice FoFi
D:8 3 runed translucent doors, Shenda's ghost, novice FoFi
D:12 exclusion: 2 downstairs
Lair:1 Fannar
Elf:2 3 runed translucent doors
Vaults:1 2 transporters, Poyn's ghost, adept DEVM
Vaults:4 2 transporters, Aclimpov's ghost, adept GrEE
Zot:5 exclusion: 2 upstairs

#.........#####..#
#................#
#.........#......#
#........###.....#
#....~~~..#......#
##......~.........#
#......#...#>..#..# #
#.....###.###.###.# ##
#......#.rL#...#..## .#
#.......~~.........# .#
#.....~~~~.#.~~....#
.######.....~~~.###.~....#
.....##.....~~~..#..~....#
#.......###..............#
....##### ##..##...##....#
#.....# ###.........####
#.....# ##...##...##.####


You could see a quokka (blind, dazed, weak).


Message History

(V) Vaults (C) Crypt (U) Depths (H) Hell (Z) Zot
Where to? (Enter - D:1, ? - help)
What level of the Dungeon? (default 1, ? - help)
There is a stone staircase leading up here.
You fly upwards.
There is a stone staircase leading down here.
There is a stone staircase leading up here.
You fly upwards.
There is a stone staircase leading down here.
There is a stone staircase leading up here.
You fly upwards.
There is a stone staircase leading down here.
You sense a monster nearby.
Bontat comes into view.
Unknown command.
Unknown command.
Unknown command.
Unknown command.
Unknown command.
Press: ? - help, v - describe, . - travel
Here: Bontat The floor.
As you read the scroll of fog, it crumbles to dust.
The scroll dissolves into smoke.
Bontat launches a ball of destructive magic.
The orb of destruction hits a rock wall.
Okay, then.
Casting: Necromutation (mildly dangerous; 1% risk of failure)
Confirm with . or Enter, or press ? or * to list all spells.
You blink.
Unknown command.
Bontat launches a ball of destructive magic.
An orb of destruction comes into view.
There is a stone staircase leading up here.
Bontat launches a ball of destructive magic.
Your cursed +3 warlock's mirror {reflect, Self, Fort} reflects the orb of destruction!
You fly upwards.
There is a stone staircase leading down here.
Unknown command.
Unknown command.
Unknown command.
Unknown command.
(D) Dungeon (T) Temple (L) Lair (A) Shoals (P) Snake Pit (M) Slime Pits (O) Orcish Mines (E) Elven Halls (V) Vaults (C) Crypt (U) Depths (H) Hell (Z) Zot
Where to? (Enter - D:1, ? - help)
What level of the Dungeon? (default 1, ? - help)
There is an open door here.
Your transformation is almost over.
There is a stone staircase leading up here.
You fly upwards.
There is a stone staircase leading down here.
You feel yourself come back to life.
(D) Dungeon (T) Temple (L) Lair (A) Shoals (P) Snake Pit (M) Slime Pits (O) Orcish Mines (E) Elven Halls (V) Vaults (C) Crypt (U) Depths (H) Hell (Z) Zot
Where to? (Enter - D:1, ? - help)
Okay, then.
A quokka comes into view.
Unknown command.
You block the quokka's attack.
There is a staircase leading out of the dungeon here.
The quokka completely misses you.
You closely miss the quokka. You block the quokka's attack.
Unknown command.
Press: ? - help, v - describe, . - travel
Here: a quokka The floor.
Casting: Blink (safe; 0% risk of failure)
Confirm with . or Enter, or press ? or * to list all spells.
Your body is suffused with negative energy!
You block the quokka's attack. 😕 HP[-4]
You take 4 damage, and now have 224/228 hp.
Casting: Necromutation (mildly dangerous; 1% risk of failure)
Confirm with . or Enter, or press ? or * to list all spells.
You don't know that spell.
Casting: Necromutation (mildly dangerous; 1% risk of failure)
Confirm with . or Enter, or press ? or * to list all spells.
Casting: Eringya's Noxious Bog (safe; 0% risk of failure)
Press: ? - help, Dir - look around, f - activate You spew toxic sludge!
You block the quokka's attack. The quokka bites you. 😕 HP[-4]
You take 4 damage, and now have 220/228 hp.
Casting: Eringya's Noxious Bog (safe; 0% risk of failure)
Confirm with . or Enter, or press ? or * to list all spells.
Aiming: Enfeeble (safe; 0% risk of failure)
Press: ? - help, Shift-Dir - straight line, f - quokka
Aim: a quokka (will inflict weakness, chance to daze and blind: 100%)
The quokka is enfeebled!
You block the quokka's attack. 😕 HP[-3]
You take 3 damage, and now have 217/228 hp.
Press: ? - help, v - describe, . - travel
Here: a quokka (blind, dazed, weak)
The floor.
You block the quokka's attack.
You have escaped!

Skill      XL: |  1  2  3  4  5  6  7  8  9 10 11 12 13 14 15 16 17 18 19 20 21 22 23 24 25 26 27 |
---------------+----------------------------------------------------------------------------------+-----
Spellcasting   | 4 5 6 8 9 10 11 13 14 15 17 18 19 20 | 20.5
Fighting       | 2 4 7 8 10 12 13 17 19 21 | 21.6
Short Blades   | 6 8 |  8.0
Dodging        | 4 12 15 16 18 20 22 23 | 23.6
Armour         | 6 7 |  7.5
Long Blades    | 3 10 12 13 15 22 | 22.5
Shields        | 9 10 14 19 | 19.5
Evocations     | 6 11 12 | 12.7
Stealth        | 3 6 |  6.8

Action                   |  1- 3 |  4- 6 |  7- 9 | 10-12 | 13-15 | 16-18 | 19-21 | 22-24 | 25-27 || total
-------------------------+-------+-------+-------+-------+-------+-------+-------+-------+-------++-------
Melee: Whip              |    60 |     6 |       |       |       |       |       |       |       ||    66
       Quick blade       |       |       |   152 |   456 |   140 |       |       |       |       ||   748
       Punch             |       |       |     4 |     6 |     8 |     1 |       |       |       ||    19
       Double sword      |       |       |       |       |   519 |   711 |  1088 |   676 |  1111 ||  4105
 Fire: Sling             |       |    62 |    14 |       |       |       |       |       |       ||    76
 Cast: Summon Small Mamm |    12 |       |       |       |       |     1 |       |       |       ||    13
       Call Imp          |    18 |    12 |     2 |    15 |    14 |     4 |       |       |       ||    65
       Freeze            |    15 |    31 |       |       |       |       |       |       |     1 ||    47
       Call Canine Famil |       |    16 |    11 |    31 |    36 |     9 |       |       |       ||   103
       Blink             |       |     1 |     3 |       |     5 |       |     1 |     1 |     2 ||    13
       Summon Guardian G |       |     1 |     1 |     2 |    14 |     7 |     1 |       |       ||    26
       Frozen Ramparts   |       |       |    17 |    13 |    24 |     1 |     1 |       |       ||    56
       Summon Lightning  |       |       |    10 |    51 |    65 |    40 |    18 |     4 |     7 ||   195
       Cause Fear        |       |       |     2 |     4 |    14 |       |       |       |       ||    20
       Flame Wave        |       |       |       |     9 |     7 |    14 |     3 |       |       ||    33
       Eringya's Noxious |       |       |       |       |    28 |    67 |    36 |    20 |    44 ||   195
       Summon Hydra      |       |       |       |       |       |    14 |    35 |    15 |    23 ||    87
       Statue Form       |       |       |       |       |       |       |    11 |     1 |     2 ||    14
       Silence           |       |       |       |       |       |       |     2 |       |       ||     2
       Ignition          |       |       |       |       |       |       |    38 |   193 |   368 ||   599
       Enfeeble          |       |       |       |       |       |       |       |    24 |   101 ||   125
       Necromutation     |       |       |       |       |       |       |       |       |    32 ||    32
Invok: Curse Item        |       |       |     2 |     4 |     2 |     2 |     2 |     2 |     6 ||    20
       Shatter the Chain |       |       |       |     1 |     2 |     1 |       |     5 |     2 ||    11
 Abil: End Transformatio |       |       |       |       |       |       |       |       |    11 ||    11
Evoke: Wand              |       |       |       |       |     2 |       |     2 |       |       ||     4
       Condenser vane    |       |       |       |       |       |       |     3 |       |     1 ||     4
       Box of beasts     |       |       |       |       |       |       |     1 |       |     2 ||     3
       Phantom mirror    |       |       |       |       |       |       |     1 |       |     2 ||     3
       Phial of floods   |       |       |       |       |       |       |     1 |       |     1 ||     2
  Use: Scroll            |       |     4 |    16 |     2 |     5 |     4 |     3 |    12 |    16 ||    62
       Potion            |       |       |       |     1 |       |     1 |     4 |       |    17 ||    23
 Stab: Sleeping          |     1 |       |     2 |     4 |    10 |     7 |    15 |    11 |     6 ||    56
       Distracted        |       |       |       |     3 |    10 |    16 |    19 |    10 |     7 ||    65
       Petrified         |       |       |       |       |     2 |       |       |       |       ||     2
       Invisible         |       |       |       |       |       |       |     7 |    30 |    56 ||    93
Armor: Robe              |    12 |     8 |     9 |       |       |       |       |       |    60 ||    89
       Leather armour    |       |       |     8 |    16 |       |       |       |       |       ||    24
       Acid dragon scale |       |       |       |    52 |    80 |   107 |   134 |    30 |       ||   403
       Skin              |       |       |       |       |       |       |    42 |     2 |    10 ||    54
       Troll leather arm |       |       |       |       |       |       |       |    27 |    52 ||    79
Dodge: Dodged            |    54 |    30 |    56 |   205 |   585 |   755 |   862 |   430 |   836 ||  3813
Block: Buckler           |       |       |       |       |       |   293 |   644 |   411 |   855 ||  2203
       Reflection        |       |       |       |       |       |    16 |    77 |    60 |   110 ||   263

Levels and vault maps discovered:
D:1:      minmay_arrival_five_plusses, layout_rooms, serial_shops,
          nicolae_shop_trees, shapermc_ecumenical_altar_hornbeckon,
          serial_forest, infiniplex_forest_clump_small,
          infiniplex_forest_straight_3, infiniplex_forest_end_1,
          infiniplex_forest_lined_room_2, infiniplex_forest_pool,
          infiniplex_forest_clump_long
D:2:      layout_basic
D:3:      layout_basic, fedhas_altar_1, kiku_gazebo_pond_becter
D:4:      layout_loops_cross, moated_statue, nrook_mini_vaults, minmay_vboxes
D:5:      layout_basic, mainiacjoe_overflow_six_doors_small,
          kennysheep_generic_room_2, uniq_pikel, uniq_sigmund, uniq_menkaure
D:6:      layout_loops_ring, mainiacjoe_overflow_alcove_2,
          minmay_temple_entry_overgrown, grunt_tough_drop, uniq_blork_the_orc,
          uniq_prince_ribbit1
D:7:      layout_basic, grunt_gozag_breadcrumbs, ebering_ghost_disaster_area,
          nicolae_shop_overcharged_wands
D:8:      wad_woods_stonehenge, layout_basic, gammafunk_ghost_nasty_kobolds,
          serial_corexii_hall, corexii_hall_statues_x, corexii_hall_statues_u,
          kennysheep_another_room
D:9:      layout_long_grid, nicolae_uskayaw_en_pointe,
          mainiacjoe_overflow_two_lobes
D:10:     layout_roguey, zin_statuary, dpeg_oklobed_lair, serial_corexii_hall,
          corexii_hall_statues_t, chequers_hall_statues_wall_a
D:11:     layout_grid_maze, uniq_urug
D:12:     layout_roguey [special_room_bee], david_orc_3,
          small_chamber_with_monster, corexii_checkpoint_a
D:13:     layout_rooms, grunt_vaults_entry_fortified,
          nicolae_ashenzari_skybound, uniq_rupert
D:14:     layout_cave_pools, pond, uniq_snorg
D:15:     grunt_enter_depths_hoard, layout_small_grid, grunt_ministairs_8,
          minmay_radiant, uniq_josephine
Lair:1:   dragon1_lemuel, layout_long_grid, lemuel_fruit_tree, uniq_joseph,
          uniq_fannar
Lair:2:   layout_gridlike, infiniplex_staircase_pool, grunt_megastairs_4
Lair:3:   layout_cave_pods, elwin_shoals_entry_rooms, dummy_snake_entry
Lair:4:   layout_loops_ring
Lair:5:   hellmonk_lair_end_abyssal_woods, layout_gridlike, slime_entry_2,
          nicolae_volcano_entry_hallway, wad_woods_03, grunt_megastairs_5
Shoals:1: layout_shoals, gammafunk_ghost_wrathful_warriors
Shoals:2: layout_shoals
Shoals:3: layout_shoals, nicolae_shoals_wave_tunnel, uniq_jorgrun
Shoals:4: shoals_end_hellmonk_storm_palace [storm_palace_center_ruins,
          storm_palace_corner_grid, storm_palace_corner_altar,
          storm_palace_corner_reverse_hut, storm_palace_corner_pillars],
          serial_shops
Snake:1:  layout_onion, serial_shops, shop, nicolae_square_shop,
          hangedman_venom_bottle, nicolae_integral_box
Snake:2:  layout_rooms, hangedman_snake_thin_pillar_pass, uniq_aizul
Snake:3:  layout_misc_corridors, guppyfry_library_mini
Snake:4:  grunt_snake_rune_serpentine_throne, layout_cave_pods, serial_shops,
          nicolae_shop_overgrown_old_shop, shop, shop_fountains, shop_fountains,
          uniq_louise
Slime:1:  layout_caves, cheibrodos_slime_lost_civilization_5
Slime:2:  layout_caves
Slime:3:  layout_caves
Slime:4:  layout_caves, nicolae_slime_barrier,
          nicolae_slime_welcoming_committee, uniq_dissolution
Slime:5
Orc:1:    layout_caves
Orc:2:    kennysheep_orc_mage_school, layout_diamond_mine, minmay_orc_temple_a
Elf:1:    minmay_elf_arrival_plus, layout_loops_cross, serial_shops,
          nicolae_shop_trees, hangedman_elf_disciples,
          serial_sigils_hangedman_quiver
Elf:2:    nicolae_elf_blades_splatter_lattice
          [nicolae_blade_entry_crossed_weapons], layout_geoelf_octagon,
          kilobyte_rumbling_trees
Elf:3:    minmay_elf_hall_not_hex, layout_geoelf_grid, serial_shops,
          bzr_entry_dummy, glass_columns_b,
          nicolae_elf_glass_and_crystal_pillar_2, uniq_bai_suzhen, uniq_zenata
Vaults:1: gammafunk_ghost_smash, st_star, ontoclasm_vaults_twist,
          vaults_mumra_hexcomb, nicolae_vaults_little_squares_2,
          nicolae_vaults_alarming, layout_vaults_big_room, serial_shops,
          nicolae_shop_crystal
Vaults:2: vaults_room_stairs_pillars, v_misc_24, ontoclasm_vaults_spin,
          v_misc_30, v_misc_8, hangedman_vaults_stream, hangedman_vaults_maws,
          nicolae_vaults_murderbox, v_rooms_5, vaults_room_octagon,
          nicolae_vaults_diagonal_hallway_9, vaults_room_stairs_pillars,
          layout_vaults_ring
Vaults:3: ontoclasm_vaults_claustrophobia, minmay_crypt_entry_simple_box,
          hangedman_vaults_unwind, ontoclasm_vaults_hangar, vaults_room_hallway,
          nicolae_vaults_yaktaur_gun_rack, vaults_room_hangedman_quadrants,
          vaults_mumra_chevron, layout_vaults_quadrants, serial_shops,
          freezing_bzr
Vaults:4: gammafunk_ghost_mausoleum, ontoclasm_vaults_ring_large,
          nicolae_vaults_network_quincunx
          [nicolae_vaults_network_quincunx_subvault,
          nicolae_vaults_network_quincunx_subvault,
          nicolae_vaults_network_quincunx_subvault,
          nicolae_vaults_network_quincunx_subvault,
          nicolae_vaults_network_quincunx_subvault],
          nicolae_vaults_twisting_passages, v_misc_9, v_misc_18,
          nicolae_vaults_arrows, ontoclasm_vaults_hangar,
          nicolae_vaults_ring_of_whatevers, vaults_room_fours,
          grunt_vaults_hallway_long, v_misc_19, nicolae_vaults_statue_guard,
          layout_vaults_maze_snakey
Vaults:5
Depths:1: layout_gridville, marbit_kobold_abyss_entry, hangedman_coc_ice_floe,
          nicolae_twisting_strands, kennysheep_small_square
Depths:2: kennysheep_demon_jail, layout_cave_pools, enter_ziggurat_b,
          grunt_pan_entry_spiral, minmay_misc_feat_plants, abyss_entry,
          hell_entry, minmay_splitting_lines
Depths:3: nicolae_BIG_FREAKIN_CUBE, layout_honeycomb, hell_entry,
          lemuel_tele_altar, abyss_entry, xom_teletrap_fun,
          minmay_staircase_windowed_large, uniq_parghit
Depths:4: grunt_zot_entry_alcove, layout_cave_pools, hell_entry,
          abyss_entry_glasseish, minmay_misc_feat_alley,
          minmay_misc_feat_pillars
Zot:1:    ebering_greatest_show_in_zot, layout_onion
Zot:2:    layout_onion
Zot:3:    kennysheep_oblong_rooms, layout_concentric_octagons, bh_zot_lava_cross
Zot:4:    layout_gridlike, hangedman_zot_decor_unnerving_road, st_stairs_9
Zot:5:    layout_gridville

Notes
Turn   | Place    | Note
-------+----------+-------------------------------------------
     0 | D:1      | MackTheKnife the Djinni Summoner began the quest for the
                  | Orb.
     0 | D:1      | MackTheKnife set off with the following spells memorised:
                  | Summon Small Mammal, Call Imp, Call Canine Familiar, Summon
                  | Guardian Golem, Summon Lightning Spire.
     0 | D:1      | Reached XP level 1. HP: 15/15 MP: 0/0
     0 | D:1      | magus.rc [v1.9.6]
   149 | D:1      | Reached XP level 2. HP: 19/21 MP: 0/0
   456 | D:1      | Found Keilih's Book Shoppe.
   632 | D:1      | Reached XP level 3. HP: 23/25 MP: 0/0
   632 | D:1      | Learned a level 1 spell: Freeze
   646 | D:1      | Found a faded altar of an unknown god.
  1002 | D:2      | Reached skill level 4 in Spellcasting
  1207 | D:2      | Reached XP level 4. HP: 27/31 MP: 0/0
  1968 | D:3      | Found a blossoming altar of Fedhas.
  2852 | D:4      | Noticed a scorpion
  2866 | D:4      | Killed a scorpion
  2867 | D:4      | Reached skill level 5 in Spellcasting
  2867 | D:4      | Reached XP level 5. HP: 18/35 MP: 0/0
  2867 | D:4      | Learned a level 2 spell: Blink
  3017 | D:3      | Reached XP level 6. HP: 16/40 MP: 0/0
  3286 | D:4      | Noticed a black bear
  3304 | D:4      | Killed a black bear
  3305 | D:4      | Reached skill level 1 in Fighting
  3817 | D:5      | Entered Level 5 of the Dungeon
  3905 | D:5      | Noticed Menkaure
  3917 | D:5      | Killed Menkaure
  3918 | D:5      | Reached skill level 2 in Fighting
  3918 | D:5      | Reached XP level 7. HP: 46/49 MP: 0/0
  3918 | D:5      | Learned a level 3 spell: Frozen Ramparts
  3920 | D:5      | Reached skill level 6 in Spellcasting
  3935 | D:5      | Reached skill level 3 in Fighting
  4092 | D:5      | Reached skill level 4 in Fighting
  4092 | D:5      | Reached XP level 8. HP: 33/58 MP: 0/0
  4246 | D:5      | Identified a scroll of acquirement
  4246 | D:5      | Acquired the +2 quick blade of the Imbibing Dove {freeze,
                  | rPois}
  4247 | D:5      | d - the +2 quick blade of the Imbibing Dove {freeze, rPois,
                  | shortrare=g}
  4248 | D:5      | the +2 quick blade of the Imbibing Dove {freeze, rPois,
                  | shortrare=g} glows with a cold blue light!
  4248 | D:5      | d - the +2 quick blade of the Imbibing Dove (weapon)
                  | {freeze, rPois, shortrare=g}
  4432 | D:5      | Reached skill level 1 in Short Blades
  4501 | D:5      | Found a broken altar of Ashenzari.
  4507 | D:5      | Noticed Sigmund
  4511 | D:5      | Killed Sigmund
  4512 | D:5      | Reached skill level 3 in Short Blades
  4757 | D:5      | Became a worshipper of Ashenzari the Shackled
  4802 | D:5      | Noticed Pikel
  4869 | D:5      | Killed Pikel
  4870 | D:5      | Reached skill level 6 in Short Blades
  4870 | D:5      | Reached XP level 9. HP: 34/62 MP: 0/0
  4870 | D:5      | Learned a level 4 spell: Cause Fear
  5341 | D:6      | Noticed Blork the orc
  5351 | D:6      | Killed Blork the orc
  5396 | D:6      | Found a staircase to the Ecumenical Temple.
  5413 | D:6      | Reached skill level 7 in Short Blades
  5562 | D:6      | HP: 10/62 [acid (9)]
  5651 | D:6      | Your +2 quick blade of the Imbibing Dove {freeze, rPois,
                  | shortrare=g} glows black for a moment.
  5691 | D:6      | Noticed Prince Ribbit
  5724 | D:6      | Killed Prince Ribbit
  5867 | D:6      | Reached skill level 8 in Short Blades
  6113 | D:6      | Reached skill level 3 in Dodging
  6167 | D:6      | Reached skill level 4 in Dodging
  6229 | D:6      | Your damage rating with the cursed +2 quick blade "Share My
                  | Incredulity" {freeze, rPois, shortrare=g, Self, Cun} is
                  | about 7 (Base 4 x 115% (Dex) x 124% (Skill) + 2 (Ench)) +
                  | Freeze.
  6229 | D:6      | Your damage rating with the cursed +2 quick blade "Share My
                  | Incredulity" {freeze, rPois, shortrare=g, Self, Cun} is
                  | about 7 (Base 4 x 115% (Dex) x 124% (Skill) + 2 (Ench)) +
                  | Freeze.
  6229 | D:6      | Your damage rating with the cursed +2 quick blade "Share My
                  | Incredulity" {freeze, rPois, shortrare=g, Self, Cun} is
                  | about 7 (Base 4 x 115% (Dex) x 124% (Skill) + 2 (Ench)) +
                  | Freeze.
  6262 | D:6      | Found a white marble altar of Elyvilon.
  6294 | D:6      | Reached * piety under Ashenzari
  6440 | D:7      | Reached XP level 10. HP: 68/70 MP: 0/0
  6583 | D:7      | Found an opulent altar of Gozag.
  6727 | D:7      | Reached skill level 5 in Fighting
  6776 | D:7      | Reached skill level 7 in Spellcasting
  7006 | D:7      | Found a large runed translucent door.
  7007 | D:7      | Found a large runed translucent door.
  7008 | D:7      | Noticed Athor's ghost (novice FoFi)
  7233 | D:7      | Found Hadamuh's Overcharged Wands.
  7516 | D:8      | Noticed a two-headed ogre
  7567 | D:7      | HP: 15/73 [killer bee (3)]
  7569 | D:7      | Reached skill level 6 in Fighting
  7679 | D:8      | Found a sacrificial altar of Ru.
  7679 | D:8      | Noticed a two-headed ogre
  7684 | D:8      | Noticed an elephant
  7694 | D:8      | Killed a two-headed ogre
  7696 | D:8      | Noticed an elephant
  7705 | D:8      | Killed an elephant
  7713 | D:8      | Killed an elephant
  7714 | D:8      | Reached skill level 7 in Fighting
  7730 | D:8      | Noticed an elephant
  7745 | D:8      | Killed an elephant
  7746 | D:8      | Reached skill level 8 in Spellcasting
  7752 | D:8      | Reached XP level 11. HP: 79/82 MP: 0/0
  7752 | D:8      | Learned a level 4 spell: Flame Wave
  7869 | D:8      | Acquired a manual of Dodging
  7898 | D:8      | Reached skill level 5 in Dodging
  8062 | D:8      | Gained mutation: You are partially covered in iridescent
                  | scales. (AC +2) [potion of mutation]
  8062 | D:8      | Gained mutation: You have hidden genetic potential. [potion
                  | of mutation]
  8071 | D:8      | Noticed an elephant
  8089 | D:8      | Killed an elephant
  8090 | D:8      | Reached skill level 7 in Dodging
  8316 | D:8      | Reached ** piety under Ashenzari
  8378 | D:8      | Found a runed translucent gate.
  8378 | D:8      | Found a runed translucent gate.
  8378 | D:8      | Found a runed translucent gate.
  8383 | D:8      | Noticed Shenda's ghost (novice FoFi)
  8490 | D:8      | Killed a two-headed ogre
  8491 | D:8      | Reached skill level 2 in Armour
  8491 | D:8      | Reached skill level 8 in Dodging
  8833 | D:9      | Reached skill level 3 in Armour
  8833 | D:9      | Reached skill level 9 in Dodging
  9000 | D:9      | Reached skill level 10 in Dodging
  9100 | D:9      | Reached skill level 4 in Armour
  9230 | D:9      | Found a hide-covered altar of Uskayaw.
  9230 | D:9      | Noticed a +0 short sword
  9243 | D:9      | Noticed a +0 dagger
  9243 | D:9      | Noticed a +0 dagger
  9243 | D:9      | Noticed a +0 spear
  9244 | D:9      | Noticed a +0 falchion
  9244 | D:9      | Noticed a +0 spear
  9245 | D:9      | Noticed a +0 short sword
  9247 | D:9      | Noticed a +0 falchion
  9339 | D:9      | Found a shimmering altar of Xom.
  9365 | D:9      | Found a snail-covered altar of Cheibriados.
  9569 | D:10     | Entered Level 10 of the Dungeon
  9626 | D:10     | Noticed a two-headed ogre
  9632 | D:10     | Killed a two-headed ogre
  9913 | D:10     | Noticed an oklob plant
  9925 | D:10     | Killed an oklob plant
  9926 | D:10     | Reached skill level 5 in Armour
  9926 | D:10     | Reached skill level 11 in Dodging
  9928 | D:10     | Found a staircase to the Lair.
 10176 | D:10     | Found a glowing silver altar of Zin.
 10433 | D:11     | Noticed a two-headed ogre
 10439 | D:11     | Killed a two-headed ogre
 10440 | D:11     | Reached skill level 6 in Armour
 10440 | D:11     | Reached skill level 12 in Dodging
 10440 | D:11     | Reached XP level 12. HP: 51/91 MP: 0/0
 10493 | D:11     | Noticed Urug
 10510 | D:11     | Killed Urug
 10516 | D:11     | Gained mutation: You are resistant to electric shocks.
                  | (rElec) [hidden potential]
 10623 | D:11     | f - a +1 vampiric double sword {longrare=g}
 10893 | D:11     | Reached skill level 13 in Dodging
 10933 | D:11     | Noticed a boulder beetle
 10960 | D:11     | Killed a boulder beetle
 11034 | D:11     | Reached skill level 14 in Dodging
 11583 | Lair:1   | Entered Level 1 of the Lair of Beasts
 11601 | Lair:1   | Noticed Joseph
 11639 | Lair:1   | Killed Joseph
 11640 | Lair:1   | Reached skill level 15 in Dodging
 11801 | Lair:1   | Noticed a catoblepas
 11816 | Lair:1   | Killed a catoblepas
 11817 | Lair:1   | Reached skill level 8 in Fighting
 12030 | Lair:1   | Noticed Fannar
 12031 | Lair:1   | Reached *** piety under Ashenzari
 12070 | Lair:1   | Acquired a +6 ring of dexterity
 12327 | Lair:1   | Noticed a fire dragon
 12338 | Lair:1   | Killed a fire dragon
 12495 | Lair:1   | Reached skill level 1 in Long Blades
 12844 | Lair:2   | Reached skill level 2 in Long Blades
 12924 | Lair:2   | Found the +4 robe of Augmentation {Str+4 Int+4 Dex+4}
 13027 | Lair:2   | Reached skill level 3 in Long Blades
 13044 | Lair:2   | Reached XP level 13. HP: 74/101 MP: 0/0
 13044 | Lair:2   | Learned a level 5 spell: Silence
 13161 | Lair:2   | Reached skill level 4 in Long Blades
 13208 | Lair:2   | Noticed a catoblepas
 13236 | Lair:2   | Killed a catoblepas
 13237 | Lair:2   | Reached skill level 5 in Long Blades
 13257 | Lair:2   | Gained mutation: You possess an exceptional clarity of
                  | mind. [hidden potential]
 13257 | Lair:2   | Lost mutation: You have hidden genetic potential. [hidden
                  | potential expressed]
 13340 | Lair:2   | Reached skill level 6 in Long Blades
 13352 | Lair:2   | Reached skill level 7 in Long Blades
 13670 | Lair:3   | Reached skill level 8 in Long Blades
 13715 | Lair:3   | Noticed an eight-headed hydra
 13731 | Lair:3   | Killed an eight-headed hydra
 13779 | Lair:3   | Found a staircase to the Snake Pit.
 13791 | Lair:3   | Noticed a seven-headed hydra
 13810 | Lair:3   | Killed a seven-headed hydra
 14047 | Lair:3   | Found a staircase to the Shoals.
 14075 | Lair:3   | Reached skill level 9 in Long Blades
 14686 | Lair:4   | Really remove and destroy the cursed +2 quick blade "Share
                  | My Incredulity" {freeze, rPois, shortrare=g, Self, Cun}?
                  | Ashenzari will withdraw the offered vision and curse!
 14686 | Lair:4   | You shatter the curse binding the cursed +2 quick blade
                  | "Share My Incredulity" {freeze, rPois, shortrare=g, Self,
                  | Cun}!
 14686 | Lair:4   | the cursed +2 quick blade "Share My Incredulity" {freeze,
                  | rPois, shortrare=g, Self, Cun} stops glowing.
 14687 | Lair:4   | f - a +1 vampiric double sword (weapon) {longrare=g}
 14769 | Lair:4   | Your damage rating with your +1 vampiric double sword
                  | {longrare=g} is about 29 (Base 15 x 132% (Dex) x 144%
                  | (Skill) + 1 (Ench)).
 14800 | Lair:4   | Noticed a seven-headed hydra
 14804 | Lair:4   | Noticed an eight-headed hydra
 15248 | Lair:4   | Killed an eight-headed hydra
 15249 | Lair:4   | Reached skill level 10 in Long Blades
 15278 | Lair:4   | Killed a seven-headed hydra
 15407 | Lair:5   | Entered Level 5 of the Lair of Beasts
 15525 | Lair:5   | Noticed a six-headed hydra
 15539 | Lair:5   | Reached XP level 14. HP: 79/103 MP: 0/0
 15552 | Lair:5   | Found a dark tunnel.
 15558 | Volcano  | Entered a volcano
 15630 | Volcano  | Reached skill level 11 in Long Blades
 15928 | Lair:5   | Reached skill level 12 in Long Blades
 16098 | Lair:5   | Found a runed translucent door.
 16099 | Lair:5   | Found a viscous altar of Jiyva.
 16103 | Lair:5   | Found a staircase to the Slime Pits.
 16189 | Lair:5   | Reached skill level 9 in Fighting
 16399 | Lair:5   | Reached skill level 9 in Spellcasting
 16893 | Lair:5   | Reached skill level 10 in Fighting
 16996 | Lair:5   | Found a corrupted altar of Lugonu.
 16996 | Lair:5   | Found a one-way gate to the infinite horrors of the Abyss.
 17009 | Lair:5   | Reached XP level 15. HP: 113/117 MP: 0/0
 17009 | Lair:5   | Learned a level 6 spell: Eringya's Noxious Bog
 17617 | D:12     | Reached skill level 10 in Spellcasting
 17795 | D:12     | Identified the +4 falchion "Fumug" {venom, rN+ Dex+2}
 17918 | D:12     | Reached skill level 11 in Fighting
 17991 | D:12     | Found a staircase to the Orcish Mines.
 18010 | D:12     | your +1 vampiric double sword {longrare=g} glows red for a
                  | moment.
 18184 | D:12     | Your damage rating with your +2 vampiric double sword
                  | {longrare=g} is about 35 (Base 15 x 137% (Dex) x 162%
                  | (Skill) + 2 (Ench)).
 18466 | D:13     | Noticed Rupert
 18492 | Orc:1    | Entered Level 1 of the Orcish Mines
 18504 | Orc:1    | Reached skill level 13 in Long Blades
 18513 | Orc:1    | Noticed an orc warlord
 18548 | Orc:1    | Killed an orc warlord
 19089 | Orc:2    | Entered Level 2 of the Orcish Mines
 19257 | Orc:2    | Found a staircase to the Elven Halls.
 19525 | Orc:2    | Found Vecvotez's Antique Weapon Shoppe.
 19601 | Orc:2    | Found Muripaec's Magic Scroll Shoppe.
 19638 | Orc:2    | Bought a scroll of blinking for 112 gold pieces
 19638 | Orc:2    | Bought a scroll of blinking for 112 gold pieces
 19752 | Orc:2    | Found Gifar's Book Shoppe.
 19761 | Orc:2    | Found Besiuris's Antique Weapon Emporium.
 19885 | D:13     | Reached skill level 12 in Fighting
 20040 | D:12     | Reached XP level 16. HP: 79/128 MP: 0/0
 20346 | D:12     | Reached skill level 11 in Spellcasting
 20514 | D:13     | HP: 19/128 [centaur warrior/arrow (22)]
 20610 | D:13     | Found a broken altar of Ashenzari.
 20882 | D:13     | your +2 vampiric double sword {longrare=g} glows red for a
                  | moment.
 20925 | D:13     | Reached skill level 1 in Shields
 20944 | D:13     | Reached skill level 2 in Shields
 21000 | D:13     | Found a gate to the Vaults.
 21008 | D:13     | Reached skill level 3 in Shields
 21086 | D:13     | Killed Rupert
 21087 | D:13     | Reached skill level 4 in Shields
 21254 | D:14     | Reached skill level 5 in Shields
 21288 | D:14     | Noticed Snorg
 21301 | D:14     | Reached skill level 6 in Shields
 21308 | D:14     | Killed Snorg
 21778 | D:15     | Entered Level 15 of the Dungeon
 21868 | D:15     | Reached skill level 7 in Shields
 21875 | D:15     | Noticed Josephine
 21889 | D:15     | Killed Josephine
 21902 | D:15     | Reached skill level 8 in Shields
 22038 | D:15     | Identified the +7 mace of Painful Death {flame, rPois Str-4
                  | Dex-3 Stlth+}
 22040 | D:15     | Noticed a sphinx
 22041 | D:15     | Noticed a sphinx
 22057 | D:15     | Killed a sphinx
 22058 | D:15     | Reached skill level 9 in Shields
 22070 | D:15     | Killed a sphinx
 22140 | D:15     | Reached XP level 17. HP: 51/134 MP: 0/0
 22140 | D:15     | Learned a level 7 spell: Summon Hydra
 22140 | D:15     | HP: 32/134 [freezing wraith[a death knight] (19)]
 22342 | D:15     | Reached **** piety under Ashenzari
 22431 | D:15     | Found a staircase to the Depths.
 22759 | D:15     | Reached skill level 7 in Armour
 23128 | Snake:1  | Entered Level 1 of the Snake Pit
 23130 | Snake:1  | Found Mehodi's Armour Shoppe.
 23515 | Snake:1  | Reached skill level 12 in Spellcasting
 23888 | Snake:1  | Found Vonueduni's Assorted Antiques.
 23896 | Snake:1  | Bought a scroll of enchant weapon for 180 gold pieces
 23896 | Snake:1  | your +3 vampiric double sword {longrare=g} glows red for a
                  | moment.
 24070 | Snake:2  | Noticed Aizul
 24080 | Snake:2  | Killed Aizul
 24089 | Snake:2  | HP: 34/136 [salamander/+0 trident (3)]
 24097 | Snake:2  | Reached skill level 13 in Spellcasting
 24277 | Snake:2  | Reached ***** piety under Ashenzari
 24297 | Snake:2  | Reached skill level 10 in Shields
 24460 | Snake:2  | Reached XP level 18. HP: 137/147 MP: 0/0
 24472 | Snake:2  | Reached skill level 11 in Shields
 24916 | Snake:3  | Reached skill level 12 in Shields
 25204 | Snake:4  | Entered Level 4 of the Snake Pit
 25205 | Snake:4  | Acquired 408 gold pieces
 25267 | Snake:4  | Found Saug's Antique Armour Boutique.
 25268 | Snake:4  | Found Tevourgh's Distillery.
 25269 | Snake:4  | Noticed Louise
 25281 | Snake:4  | Killed Louise
 25298 | Snake:4  | Bought a potion of heal wounds for 80 gold pieces
 25303 | Snake:4  | Bought the +3 warlock's mirror {reflect} for 1160 gold
                  | pieces
 25303 | Snake:4  | Found the +3 warlock's mirror {reflect}
 25311 | Snake:4  | Bought glowing acid dragon scales for 1247 gold pieces
 25316 | Snake:4  | Found Xotsagyd's Antique Armour Shoppe.
 25323 | Snake:4  | Bought a runed scarf for 320 gold pieces
 25353 | Snake:4  | Identified the +1 cloak of Dust Devil {+Inv}
 25684 | Snake:4  | Reached skill level 13 in Shields
 25700 | Snake:4  | Found Fodoupla's Jewellery Emporium.
 26024 | Snake:4  | Reached skill level 14 in Shields
 26118 | Snake:4  | Reached skill level 13 in Fighting
 26160 | Snake:4  | Got a serpentine rune of Zot
 26345 | Shoals:1 | Entered Level 1 of the Shoals
 26423 | Shoals:1 | Reached XP level 19. HP: 152/152 MP: 0/0
 26423 | Shoals:1 | Learned a level 6 spell: Statue Form
 26527 | Lair:3   | Identified the cursed +0 pair of gloves of the Bound Stars
                  | {Self, Evo} (You found it on level 5 of the Dungeon)
 26527 | Lair:3   | Identified the cursed +0 acid dragon scales of Ashenzari's
                  | the Ego {rCorr, Melee, Cun} (You found it on level 8 of the
                  | Dungeon)
 26528 | Lair:3   | magus.rc [v1.9.6]
 26691 | Lair:3   | magus.rc [v1.9.6]
 26812 | Shoals:1 | Noticed Zeitzeh's ghost (adept GnFi)
 26868 | Shoals:1 | Found a transporter.
 26873 | Shoals:1 | Found a transporter.
 26919 | Shoals:1 | Found a bloodstained altar of Trog.
 26941 | Shoals:1 | Reached skill level 14 in Spellcasting
 26958 | Shoals:1 | Killed Zeitzeh's ghost
 27004 | Shoals:1 | your +4 vampiric double sword {longrare=g} glows red for a
                  | moment.
 27116 | Shoals:1 | Reached skill level 14 in Fighting
 27760 | Shoals:2 | magus.rc [v1.9.6]
 27760 | Shoals:2 | magus.rc [v1.9.6]
 27927 | Shoals:2 | Reached skill level 15 in Fighting
 28818 | Shoals:3 | Noticed Jorgrun
 28828 | Shoals:3 | Killed Jorgrun
 28869 | Shoals:3 | Reached skill level 16 in Fighting
 29489 | Shoals:4 | Entered Level 4 of the Shoals
 29565 | Shoals:4 | Your damage rating with your +5 vampiric double sword
                  | {longrare=g} is about 42 (Base 15 x 137% (Dex) x 178%
                  | (Skill) + 5 (Ench)).
 29580 | Shoals:4 | Found a stormy altar of Qazlal.
 29582 | Shoals:4 | Your damage rating with your +5 vampiric double sword
                  | {longrare=g} is about 43 (Base 15 x 137% (Dex) x 187%
                  | (Skill) + 5 (Ench)).
 29673 | Shoals:4 | Reached skill level 17 in Fighting
 29777 | Shoals:4 | Reached XP level 20. HP: 166/175 MP: 0/0
 29943 | Shoals:4 | Reached skill level 15 in Spellcasting
 29947 | Shoals:4 | Got a barnacled rune of Zot
 30019 | Shoals:4 | J - +0 storm dragon scales {rare}
 30093 | Shoals:4 | Identified the +10 trident "Sirogimm" {vorpal, *Rage Drain
                  | rElec rC+ Dex+5}
 30350 | Shoals:4 | Paralysed by an air elemental for 1 turns
 30412 | Shoals:4 | Reached skill level 1 in Evocations
 30446 | Shoals:4 | Reached skill level 2 in Evocations
 30789 | Elf:1    | Entered Level 1 of the Elven Halls
 30798 | Elf:1    | Reached skill level 3 in Evocations
 30806 | Elf:1    | Reached skill level 4 in Evocations
 31020 | Elf:1    | Reached skill level 5 in Evocations
 31089 | Elf:1    | Reached skill level 6 in Evocations
 31266 | Elf:1    | Found Zoxisogi's General Store.
 31283 | Elf:1    | You drop +0 storm dragon scales {rare}.
 31698 | Elf:2    | You are cast into the Abyss!
 31698 | Abyss:3  | Cast into level 3 of the Abyss (+4 war axe of distortion)
 31737 | Abyss:3  | Gained mutation: Your body sometimes deteriorates upon
                  | taking damage. [a neqoxec]
 31910 | Abyss:3  | Reached skill level 2 in Stealth
 31952 | Abyss:3  | Reached skill level 3 in Stealth
 31989 | Abyss:3  | Noticed a profane servitor
 32069 | Abyss:3  | Reached XP level 21. HP: 178/184 MP: 0/0
 32069 | Abyss:3  | Learned a level 8 spell: Ignition
 32229 | Abyss:3  | Reached skill level 4 in Stealth
 32321 | Abyss:3  | Reached skill level 5 in Stealth
 32404 | Abyss:3  | Reached skill level 6 in Stealth
 32483 | Elf:2    | You pass through the gate.
 32483 | Elf:2    | Escaped the Abyss
 32537 | Elf:2    | Reached skill level 16 in Spellcasting
 32825 | Elf:2    | Found a runed translucent gate.
 32825 | Elf:2    | Found a runed translucent gate.
 32826 | Elf:2    | Found a runed translucent gate.
 32985 | Elf:2    | Identified the +0 cloak "Wivoby" {Contam rCorr Str+3 Dex+2}
 33072 | Elf:3    | Entered Level 3 of the Elven Halls
 33074 | Elf:3    | Paralysed by an air elemental for 1 turns
 33217 | Elf:3    | Noticed Bai Suzhen
 33232 | Elf:3    | Killed Bai Suzhen
 33284 | Elf:3    | Found a flickering gateway to a bazaar.
 33293 | Bazaar   | Entered a bazaar
 33297 | Bazaar   | Found Vuqieciang's Jewellery Boutique.
 33319 | Bazaar   | Found Loymipne's Weapon Emporium.
 33340 | Bazaar   | Found Iruliuzumi's Book Boutique.
 33360 | Bazaar   | Found Gaghak's Antique Weapon Shoppe.
 33489 | Elf:3    | Noticed Zenata
 33496 | Elf:3    | Killed Zenata
 33582 | Elf:3    | L - a +2 eveningstar of freezing {macerare=g}
 33635 | Elf:3    | Reached skill level 17 in Spellcasting
 33737 | Elf:3    | Identified the +9 plate armour "Cisyuhux" {Harm *Slow
                  | Int+8}
 33879 | Elf:3    | Reached XP level 22. HP: 183/191 MP: 0/0
 34016 | Elf:3    | Identified the ring of Absolutism {rC+ rCorr AC+4 Int-5}
 34023 | Elf:3    | Identified the +4 hand axe of Contumacious Guilt {drain,
                  | rPois rCorr Str-2 Dex+2}
 34292 | Elf:3    | Identified the amulet "Myziedykk" {Faith rElec rPois rC-
                  | SInv}
 34326 | Elf:3    | Reached skill level 18 in Spellcasting
 34869 | Vaults:1 | Entered Level 1 of the Vaults
 35064 | D:13     | Upgraded the game from 0.30-a0-457-g4b7bca3bfa to
                  | 0.30-a0-458-g86641cc369
 35064 | D:13     | magus.rc [v1.9.6]
 35816 | Vaults:1 | Found Fisulaisu's Book Shoppe.
 35849 | Vaults:1 | Found a transporter.
 35849 | Vaults:1 | Noticed Poyn's ghost (adept DEVM)
 35849 | Vaults:1 | Identified the +7 great mace "Alliux" {elec, rC- rN+ Int+6}
 35853 | Vaults:1 | Found a transporter.
 36004 | Vaults:1 | your +5 vampiric double sword {longrare=g} glows red for a
                  | moment.
 36259 | Vaults:2 | Reached skill level 16 in Dodging
 36576 | Vaults:2 | Reached XP level 23. HP: 148/190 MP: 0/0
 36576 | Vaults:2 | Learned a level 7 spell: Enfeeble
 36578 | Vaults:2 | Reached skill level 17 in Dodging
 37265 | Vaults:2 | Reached skill level 18 in Dodging
 37359 | Vaults:3 | Found a flickering gateway to a bazaar.
 37368 | Bazaar   | Entered a bazaar
 37368 | Bazaar   | Found Hiruom Icuph's Antique Weapon Shop.
 37368 | Bazaar   | Found Nuet's Distillery.
 37404 | Bazaar   | Found Xoiq Rem's Antique Armour Shop.
 37444 | Bazaar   | Bought a potion of haste for 90 gold pieces
 37668 | Vaults:3 | Reached skill level 18 in Fighting
 37931 | Vaults:3 | Found a staircase to the Crypt.
 38708 | Vaults:4 | Reached skill level 19 in Spellcasting
 39022 | Vaults:4 | Found a transporter.
 39022 | Vaults:4 | Noticed Aclimpov's ghost (adept GrEE)
 39029 | Vaults:4 | Found a transporter.
 39153 | Vaults:4 | Acquired the amulet of Freedom {Reflect Will+++ Dex-2
                  | Slay+2 SH+5 SInv}
 39921 | Vaults:4 | Reached skill level 19 in Fighting
 40240 | Vaults:5 | Entered Level 5 of the Vaults
 40243 | Vaults:5 | Reached XP level 24. HP: 196/201 MP: 0/0
 40243 | Vaults:5 | Noticed a dread lich
 40247 | Vaults:5 | Noticed an ancient lich
 40247 | Vaults:5 | Noticed an ancient lich
 40248 | Vaults:5 | Reached skill level 20 in Fighting
 40286 | Vaults:4 | Your damage rating with your +6 vampiric double sword
                  | {longrare=g} is about 46 (Base 15 x 150% (Dex) x 178%
                  | (Skill) + 6 (Ench)).
 40460 | Depths:1 | Entered Level 1 of the Depths
 40863 | Depths:1 | Identified the +4 hand axe of Ympoh {freeze, rN+ Str+2}
 40938 | Depths:1 | Found a gateway to Hell.
 41191 | Depths:1 | Reached skill level 21 in Fighting
 41577 | Depths:2 | Reached skill level 19 in Dodging
 41736 | Depths:2 | Found a one-way gateway to a ziggurat.
 41876 | Depths:2 | Found a one-way gate leading to the halls of Pandemonium.
 42124 | Depths:2 | Reached skill level 20 in Dodging
 42323 | Depths:2 | Identified Sif Muna's Almanac of the Zephyr
 42323 | Depths:2 | Identified the +10 hand axe "Haluet" {protect, rPois Int+3}
 42568 | Depths:3 | Reached XP level 25. HP: 206/206 MP: 0/0
 42568 | Depths:3 | Learned a level 8 spell: Necromutation
 42602 | Depths:3 | Identified +8 gold dragon scales
 42602 | Depths:3 | Noticed Parghit
 42657 | Depths:3 | Killed Parghit
 42660 | Depths:3 | c - +8 gold dragon scales {rare}
 43113 | Depths:3 | Found a shimmering altar of Xom.
 43150 | Depths:3 | Found a shimmering altar of Xom.
 43218 | Depths:3 | You drop +8 gold dragon scales {rare}.
 43572 | Depths:4 | Entered Level 4 of the Depths
 43623 | Depths:4 | Reached skill level 21 in Dodging
 43980 | Depths:3 | Reached skill level 22 in Dodging
 44310 | Depths:4 | Found a gate to the Realm of Zot.
 44370 | Depths:4 | Voluntarily entered the Abyss.
 44377 | Abyss:4  | Found a corrupted altar of Lugonu.
 44387 | Depths:4 | You pass through the gate.
 44387 | Depths:4 | Escaped the Abyss
 44389 | Depths:4 | Voluntarily entered the Abyss.
 44430 | Abyss:4  | Found a corrupted altar of Lugonu.
 44454 | Abyss:4  | Found a corrupted altar of Lugonu.
 44507 | Abyss:4  | Reached skill level 7 in Evocations
 44588 | Abyss:5  | Reached skill level 8 in Evocations
 44601 | Abyss:5  | Reached skill level 9 in Evocations
 44601 | Abyss:5  | Found a sparkling altar of Nemelex Xobeh.
 44633 | Abyss:5  | Got an abyssal rune of Zot
 44637 | Depths:4 | You pass through the gate.
 44637 | Depths:4 | Escaped the Abyss
 44944 | Vaults:4 | Killed a dread lich
 44985 | Vaults:5 | Acquired the ring of the Queen {rN+++ Will+++ Dex-3 Slay+4
                  | Stlth-}
 45015 | Vaults:5 | Reached skill level 10 in Evocations
 45052 | Vaults:5 | Killed an ancient lich
 45054 | Vaults:5 | Reached skill level 11 in Evocations
 45082 | Vaults:5 | Reached XP level 26. HP: 187/221 MP: 0/0
 45124 | Vaults:5 | Noticed a dread lich
 45125 | Vaults:5 | Noticed an ancient lich
 45135 | Vaults:5 | Killed an ancient lich
 45200 | Vaults:5 | Identified the +1 troll leather armour of Hairiness {rElec
                  | Regen+ rCorr}
 45205 | Vaults:5 | S - +0 storm dragon scales {rare}
 45212 | Vaults:5 | Found Cen Weet's Assorted Antiques.
 45282 | Vaults:5 | Killed a dread lich
 45300 | Vaults:5 | Killed an ancient lich
 45696 | Vaults:5 | V - +0 storm dragon scales {rare}
 45774 | Vaults:5 | Reached skill level 12 in Evocations
 46136 | Vaults:5 | +0 shadow dragon scales {rare}; a shadow dragon corpse
 46165 | Vaults:5 | +0 shadow dragon scales {rare}; a shadow dragon corpse
 46165 | Vaults:5 | +0 shadow dragon scales {rare}; a shadow dragon corpse
 46165 | Vaults:5 | Could not pick up +0 shadow dragon scales {rare} here;
                  | ([A]lways) ignore it?
 46165 | Vaults:5 | Could not pick up +0 shadow dragon scales {rare} here;
                  | ([A]lways) ignore it?
 46179 | Vaults:5 | You drop +0 storm dragon scales {rare}.
 46180 | Vaults:5 | You drop +0 storm dragon scales {rare}.
 46187 | Vaults:5 | your +6 vampiric double sword {longrare=g} glows red for a
                  | moment.
 46234 | Vaults:5 | Got a silver rune of Zot
 46237 | Vaults:5 | Identified the +4 scale mail "Qiepn" {rElec Will++}
 46497 | Vaults:5 | Your damage rating with your +7 vampiric double sword
                  | {longrare=g} is about 51 (Base 15 x 145% (Dex) x 192%
                  | (Skill) + 9 (Ench + Slay)).
 46634 | Vaults:5 | Identified the +4 hand axe of the Lettuce {vorpal, Str+4}
 46634 | Vaults:5 | Identified the +5 mace of the Bursted God {venom, rCorr}
 46635 | Vaults:5 | Identified Orchumuym's Tome of the Energetic Oath
 46640 | Vaults:5 | Reached skill level 14 in Long Blades
 46657 | Vaults:5 | Identified the +2 cloak of the Onion {Will+ Str-3 Dex+4}
 46958 | Zot:1    | Entered Level 1 of the Realm of Zot
 46972 | Zot:1    | Noticed a juggernaut
 47330 | Vaults:5 | Bought the +1 robe of Vines {NoPotionHeal Regen++++} for
                  | 2080 gold pieces
 47330 | Vaults:5 | Found the +1 robe of Vines {NoPotionHeal Regen++++}
 47711 | Slime:1  | Entered Level 1 of the Pits of Slime
 48122 | Slime:2  | Reached skill level 15 in Long Blades
 48413 | Slime:3  | Reached skill level 20 in Spellcasting
 48422 | Slime:3  | Reached XP level 27. HP: 197/228 MP: 0/0
 48422 | Slime:3  | Learned a level 9 spell: Death's Door
 48702 | Slime:5  | Entered Level 5 of the Pits of Slime
 48795 | Slime:5  | Noticed the Royal Jelly
 48957 | Slime:5  | Killed the Royal Jelly
 49000 | Slime:5  | Identified the +7 battleaxe of Cowardice {vorpal, *Rage
                  | Str+2 Int+7 Dex+2}
 49003 | Slime:5  | Identified the +0 pair of gloves of the Voracious God {Harm
                  | rPois Will++ MP-9}
 49004 | Slime:5  | Identified the +0 scale mail of Camoulle {rF+ Stlth+}
 49004 | Slime:5  | Identified the ring of Abyngaif {rCorr Str+3}
 49005 | Slime:5  | Identified the +4 quarterstaff of Eternal Vigilance
                  | {vorpal, Int+5}
 49008 | Slime:5  | Identified the +9 dagger of Akkum {flame, MP+9}
 49008 | Slime:5  | Identified the +13 plate armour "Fifyaqono" {rC+}
 49009 | Slime:5  | Paralysed by a floating eye for 4 turns
 49060 | Slime:5  | Got a slimy rune of Zot
 49560 | Zig:1    | Entered Level 1 of a ziggurat
 49588 | Zig:2    | Entered Level 2 of a ziggurat
 49613 | Zig:3    | Entered Level 3 of a ziggurat
 49613 | Zig:3    | Noticed an ancient lich
 49621 | Zig:3    | Killed an ancient lich
 49655 | Zig:3    | Identified the cursed +2 pair of gloves of Ashenzari's
                  | Chagrin {Dex+3, Cun, Fort} (You found it on level 3 of the
                  | Elven Halls)
 49661 | Zig:4    | Entered Level 4 of a ziggurat
 49662 | Zig:4    | Noticed Zavi the pandemonium lord
 49662 | Zig:4    | Identified the +6 hand axe of Uqehoubb {freeze, rF+ rC+
                  | rCorr}
 49662 | Zig:4    | Identified Qerchoi's Spellbook of the Maledictive Legion
 49676 | Zig:4    | Killed Zavi the pandemonium lord
 49734 | Zig:5    | Entered Level 5 of a ziggurat
 49735 | Zig:5    | Identified the +6 falchion "Ecrig" {antimagic, Fragile
                  | rPois Str+2}
 49740 | Zig:5    | Reached skill level 23 in Dodging
 49741 | Zig:5    | a +0 quick blade {shortrare=g}; a +0 quick blade
                  | {shortrare=g}; a +0 leather armour
 49749 | Zig:5    | I - a +0 quick blade {shortrare=g}
 49749 | Zig:5    | R - a +0 quick blade {shortrare=g}
 49752 | Zig:5    | You drop a +0 quick blade {shortrare=g}.
 49753 | Zig:5    | You drop a +2 eveningstar of freezing {macerare=g}.
 49754 | Zig:5    | You drop a +0 quick blade {shortrare=g}.
 49779 | Zig:6    | Entered Level 6 of a ziggurat
 49781 | Zig:6    | Identified the ring of Sovereignty {Ice rN+ Will+ rCorr
                  | Slay-6}
 49785 | Zig:6    | Reached skill level 16 in Long Blades
 49788 | Zig:6    | Noticed a juggernaut
 49797 | Zig:6    | Killed a juggernaut
 49809 | Zig:6    | your +7 vampiric double sword {longrare=g} glows red for a
                  | moment.
 49820 | Zig:7    | Entered Level 7 of a ziggurat
 49823 | Zig:7    | Identified the +9 plate armour of Uskayaw, Threshing {rElec
                  | rF+ Int-5}
 49855 | Zig:8    | Entered Level 8 of a ziggurat
 49882 | Zig:8    | Identified a potion of experience
 49883 | Zig:8    | Identified the +6 great sword "Zin Fup" {drain, rPois rC-
                  | Dex+5}
 49923 | Zig:9    | Entered Level 9 of a ziggurat
 49931 | Zig:9    | Noticed an electric golem
 49936 | Zig:9    | Noticed an electric golem
 49937 | Zig:9    | Reached skill level 17 in Long Blades
 49946 | Zig:9    | Killed an electric golem
 49954 | Zig:9    | Killed an electric golem
 49956 | Zig:9    | z - +0 storm dragon scales {rare}
 49959 | Zig:9    | You drop +0 storm dragon scales {rare}.
 49965 | Zig:9    | c - +0 storm dragon scales {rare}
 49966 | Zig:9    | You drop +0 storm dragon scales {rare}.
 49983 | Zig:9    | +0 storm dragon scales {rare}; a +2 spectral quarterstaff
                  | {staff}; a storm dragon corpse
 49992 | Zig:10   | Entered Level 10 of a ziggurat
 49997 | Zig:10   | Identified the +8 arbalest "Mufesori" {penet, rElec}
 50006 | Zig:10   | Identified the +1 falchion of Offence {antimagic, Str+4}
 50020 | Zig:10   | your +8 vampiric double sword {longrare=g} glows red for a
                  | moment.
 50021 | Zig:10   | Your +9 vampiric double sword {longrare=g} glows black for
                  | a moment.
 50021 | Zig:10   | Reached ****** piety under Ashenzari
 50120 | Zig:11   | Entered Level 11 of a ziggurat
 50129 | Zig:11   | Noticed a Killer Klown
 50130 | Zig:11   | Noticed a Killer Klown
 50130 | Zig:11   | Noticed a Killer Klown
 50131 | Zig:11   | Identified the ring of Qolarrol {rC+ rN+ Will+ Int+3}
 50131 | Zig:11   | Identified the +5 short sword of Pride {freeze, Str+2}
 50135 | Zig:11   | Killed a Killer Klown
 50136 | Zig:11   | Killed a Killer Klown
 50136 | Zig:11   | Killed a Killer Klown
 50162 | Zig:11   | Reached skill level 18 in Long Blades
 50184 | Zig:12   | Entered Level 12 of a ziggurat
 50195 | Zig:12   | Noticed a royal mummy
 50197 | Zig:12   | Noticed a royal mummy
 50197 | Zig:12   | Identified the Compilation of Calorific Evil
 50197 | Zig:12   | Identified the amulet of Bodily Harmony {Rampage rN+ Regen+
                  | Stlth+}
 50203 | Zig:12   | Killed a royal mummy
 50203 | Zig:12   | Killed a royal mummy
 50303 | Zig:13   | Entered Level 13 of a ziggurat
 50319 | Zig:13   | Reached skill level 19 in Long Blades
 50397 | Zig:14   | Entered Level 14 of a ziggurat
 50461 | Zig:14   | Reached skill level 20 in Long Blades
 50507 | Zig:14   | Your damage rating with the cursed +9 double sword
                  | "Shackled Annoyance" {vamp, longrare=g, Evo, Melee} is
                  | about 57 (Base 15 x 145% (Dex) x 213% (Skill) + 11 (Ench +
                  | Slay)).
 50538 | Zig:14   | Identified the +6 scale mail "Zahis" {Drain MP+9 SInv}
 50631 | Zot:1    | Noticed an orb of fire
 50634 | Zot:1    | Killed a juggernaut
 50644 | Zot:1    | Killed an orb of fire
 50645 | Zot:1    | Reached skill level 21 in Long Blades
 50692 | Zot:1    | Noticed an electric golem
 50714 | Zot:1    | Killed an electric golem
 50805 | Zot:1    | +0 storm dragon scales {rare}; a storm dragon corpse
 50839 | Zot:1    | r - +0 storm dragon scales {rare}
 51281 | Zot:1    | Reached skill level 22 in Long Blades
 51624 | Zot:2    | Noticed a curse toe
 51635 | Zot:2    | Killed a curse toe
 51709 | Zot:2    | I - +0 storm dragon scales {rare}
 51815 | Zot:3    | Noticed a curse toe
 51826 | Zot:3    | Killed a curse toe
 51828 | Zot:3    | L - +0 storm dragon scales {rare}
 51876 | Zot:3    | Identified +0 gold dragon scales
 51925 | Zot:4    | Noticed a curse toe
 51936 | Zot:4    | Killed a curse toe
 51978 | Zot:4    | Noticed a Killer Klown
 51983 | Zot:4    | Killed a Killer Klown
 51984 | Zot:4    | Reached skill level 15 in Shields
 51993 | Zot:5    | Entered Level 5 of the Realm of Zot
 52069 | Zot:5    | Noticed a curse toe
 52082 | Zot:5    | Killed a curse toe
 52387 | Zot:5    | Reached skill level 16 in Shields
 52410 | Zot:5    | Noticed a dread lich
 52412 | Zot:5    | Noticed an ancient lich
 52422 | Zot:5    | Noticed a Killer Klown
 52422 | Zot:5    | Killed a dread lich
 52426 | Zot:5    | Killed a Killer Klown
 52428 | Zot:5    | Noticed an orb of fire
 52428 | Zot:5    | Killed an ancient lich
 52429 | Zot:5    | Reached skill level 17 in Shields
 52431 | Zot:5    | Noticed an orb of fire
 52432 | Zot:5    | Noticed an orb of fire
 52433 | Zot:5    | Noticed a Killer Klown
 52438 | Zot:5    | Noticed an ancient lich
 52441 | Zot:5    | Noticed a Killer Klown
 52443 | Zot:5    | Killed an orb of fire
 52443 | Zot:5    | Noticed a Killer Klown
 52447 | Zot:5    | Noticed a Killer Klown
 52452 | Zot:5    | Killed a Killer Klown
 52452 | Zot:5    | Killed a Killer Klown
 52452 | Zot:5    | Noticed a dread lich
 52455 | Zot:5    | Noticed a Killer Klown
 52458 | Zot:5    | Killed a Killer Klown
 52458 | Zot:5    | Killed a Killer Klown
 52473 | Zot:5    | Killed an orb of fire
 52473 | Zot:5    | Killed an ancient lich
 52474 | Zot:5    | Reached skill level 18 in Shields
 52475 | Zot:5    | Killed a dread lich
 52476 | Zot:5    | Killed a Killer Klown
 52498 | Zot:5    | Killed an orb of fire
 52548 | Zot:5    | Noticed an electric golem
 52575 | Zot:5    | Reached skill level 19 in Shields
 52595 | Zot:5    | Killed an electric golem
 52636 | Zot:5    | Noticed an electric golem
 52649 | Zot:5    | Killed an electric golem
 52663 | Zot:5    | Got the Orb of Zot
 52946 | D:15     | Noticed Vorizyth the pandemonium lord
 52954 | D:15     | Killed Vorizyth the pandemonium lord
 53196 | D:3      | Noticed Bontat the pandemonium lord
 53262 | D:$      | Escaped with the Orb!

Vanquished Creatures
  the Royal Jelly (Slime:5)
  2 pandemonium lords
  3 dread liches
  5 ancient liches
  3 orbs of fire (Zot:5)
  2 juggernauts
  2 royal mummies (Zig:12)
  9 Killer Klowns
  Bai Suzhen (Elf:3)
  A golden dragon (Zot:3)
  4 curse toes
  5 bone dragons
  A profane servitor (Zig:14)
  7 doom hounds (Zig:14)
  The ghost of Zeitzeh the Blocker, an adept GnFi of Gozag (Shoals:1)
  Zenata (Elf:3)
  Jorgrun (Shoals:3)
  5 electric golems
  6 Tzitzimimeh
  9 tentacled monstrosities
  A tainted leviathan (Zig:14)
  2 quicksilver dragons
  2 liches
  21 Orb Guardians
  18 acid blobs
  5 deep elf master archers
  3 deep elf blademasters
  8 titans
  3 sphinxes
  An ancient champion (Vaults:3)
  5 death cobs
  8 shadow dragons
  2 Executioners
  3 tentacled starspawn (Abyss:3)
  6 tengu reavers
  3 azure jellies
  12 storm dragons
  8 fire giants
  3 draconian monks
  2 draconian knights (Zot:1)
  8 nagarajas
  A fenstrider witch (shapeshifter) (Zig:11)
  An azure jelly (shapeshifter) (Zig:11)
  7 rockslimes
  7 deep elf sorcerers
  9 frost giants
  3 ghost moths
  Aizul (Snake:2)
  An iron dragon (Depths:4)
  16 vault wardens
  4 cacodemons
  5 draconian scorchers
  16 ironbound preservers
  3 draconian annihilators
  7 deep elf elementalists
  5 draconian stormcallers
  8 orc warlords
  8 draconian shifters
  A demonspawn corrupter (Zig:4)
  18 very ugly things
  15 quicksilver oozes
  17 stone giants
  A juggernaut skeleton (Zig:12)
  A vampire knight (Depths:1)
  3 war gargoyles
  An eleionoma (Zig:8)
  3 reapers (Zig:14)
  3 lorocyprocas
  6 deep elf demonologists
  11 dire elephants
  7 green draconians
  5 putrid mouths (Zig:14)
  9 deep elf annihilators
  8 black draconians
  6 ironbound thunderhulks
  9 red draconians
  2 bunyips (Zig:8)
  8 grey draconians (Zot:1)
  4 spark wasps
  15 purple draconians
  9 white draconians
  6 yellow draconians
  2 eidola
  8 merfolk javelineers
  Snorg (D:14)
  4 fire dragons
  Josephine (D:15)
  12 deep elf death magi
  A green death (Zig:8)
  3 mummy priests (Zig:12)
  13 ettins
  3 entropy weavers
  3 deep elf high priests (Elf:3)
  16 yaktaur captains
  2 rakshasas (Depths:3)
  6 great orbs of eyes
  4 salamander tyrants
  A peacekeeper (Vaults:3)
  35 vault guards
  A hell beast (Zig:11)
  4 hydras
  9 merfolk impalers
  A quicksilver dragon skeleton (Depths:2)
  A juggernaut simulacrum (Zig:12)
  4 ice dragons
  A catoblepas (D:12)
  3 ironbound frosthearts
  An ogre mage (Orc:2)
  2 alligators (Zig:8)
  13 centaur warriors
  2 spriggan skeletons
  2 boulder beetles
  3 spriggan air magi
  5 satyrs
  8 anacondas
  7 deep troll shamans
  4 merfolk aquamancers
  5 death knights
  3 merfolk avatars
  4 death yaks (Lair:2)
  18 dancing weapons
  7 tengu warriors
  2 two-headed ogres
  7 deep troll earth magi
  3 orc high priests
  13 naga warriors
  3 vampire magi
  2 spriggan berserkers (Depths:4)
  9 shock serpents
  18 hell knights
  20 deep elf knights
  10 naga sharpshooters
  10 thrashing horrors
  A shadow wraith (Abyss:3)
  4 wretched stars (Abyss:3)
  5 salamander mystics
  A sun demon (Depths:2)
  7 iron trolls
  A sixfirhy (Abyss:4)
  A skeletal warrior (Vaults:3)
  A spriggan druid (Elf:2)
  A storm dragon skeleton (Depths:2)
  An orb spider (shapeshifter) (Zig:11)
  A flayed ghost (Vaults:5)
  40 deep trolls
  10 sea snakes
  A cherub (Zig:1)
  A death drake (shapeshifter) (Vaults:5)
  7 wizards
  A deep troll (shapeshifter) (Zig:11)
  2 lindwurms
  A tengu zombie (Zig:12)
  8 naga ritualists
  5 starcursed masses
  Pikel (D:5)
  8 glowing orange brains
  40 deep elf pyromancers
  15 harpies
  18 ironbound convokers
  An anaconda skeleton (Abyss:3)
  A mana viper (shapeshifter) (Vaults:5)
  10 deep elf archers
  8 mana vipers
  6 necromancers
  12 orc knights
  7 phantasmal warriors
  40 ugly things
  27 deep elf zephyrmancers
  19 orc sorcerers
  A faun (shapeshifter) (Vaults:5)
  A sphinx skeleton (Zig:12)
  15 moths of wrath
  14 salamanders
  A manticore (shapeshifter) (Vaults:5)
  5 fauns (Shoals:1)
  7 shining eyes
  7 cyclopes
  A tengu skeleton (Depths:2)
  12 manticores
  A worldbinder (Abyss:3)
  A water nymph (shapeshifter) (Vaults:4)
  22 naga magi
  3 elephants (D:8)
  13 water nymphs
  4 rust devils
  12 vault sentinels
  An eye of devastation (shapeshifter) (Zig:11)
  2 orange demons (Depths:2)
  A torpor snail (Lair:5)
  9 guardian serpents
  9 merfolk sirens
  3 eyes of devastation
  A toenail golem (D:12)
  6 apocalypse crabs
  50 black mambas
  3 gargoyles
  3 smoke demons
  8 cane toads
  2 unseen horrors
  46 yaktaurs
  A hellion (Zig:14)
  A rime drake (Lair:5)
  A komodo dragon (shapeshifter) (D:14)
  3 freezing wraiths
  7 kobold demonologists
  5 tengu conjurers
  A red devil (Volcano)
  2 tormentors
  2 komodo dragons
  3 ancient zymes
  4 guardian mummies (Zig:12)
  2 ice devils (Depths:2)
  A queen bee (D:12)
  A silent spectre (Zig:14)
  A queen bee (shapeshifter) (D:14)
  8 wind drakes
  3 meliai (D:12)
  29 merfolk
  9 trolls
  3 polar bears (Elf:2)
  A tarantella (Vaults:2)
  8 blink frogs
  4 hornets
  8 raiju
  A tarantella (shapeshifter) (Vaults:5)
  7 dream sheep
  A spriggan zombie (Depths:2)
  124 slime creatures
  12 snapping turtles
  2 dream sheep (shapeshifter)
  2 culicivoras (Vaults:3)
  A vampire (D:10)
  5 flying skulls
  Sigmund (D:5)
  11 wraiths
  A spriggan (shapeshifter) (D:12)
  3 ushabtiu (Zig:12)
  6 ynoxinuls
  11 air elementals
  5 spriggans
  14 water elementals
  14 yaks
  5 wyverns
  A hog (shapeshifter) (Vaults:5)
  A basilisk (Lair:3)
  6 fire elementals
  16 golden eyes
  2 neqoxecs (Abyss:3)
  8 redbacks
  9 chaos spawn
  14 vampire mosquitoes
  8 wargs
  A steam dragon (Lair:3)
  32 nagas
  34 large abominations
  3 hell hounds (Volcano)
  2 acid dragons
  12 water moccasins
  A floating eye (Slime:4)
  36 orc warriors
  An ice beast (D:7)
  14 ogres
  A black bear (shapeshifter) (D:13)
  An ogre (shapeshifter) (Vaults:5)
  8 wolves
  A boggart (Elf:1)
  21 centaurs
  2 lemures (D:5)
  9 kobold brigands
  Blork the orc (D:6)
  7 bullfrogs
  2 earth elementals
  A gnoll sergeant (D:8)
  5 scorpions
  A wight (D:9)
  26 killer bees
  25 small abominations
  4 howler monkeys
  A quasit (Abyss:3)
  3 jellies (Lair:5)
  15 orc priests
  A hound (D:5)
  6 iguanas
  28 orc wizards
  13 mummies (Zig:12)
  10 gnolls
  5 adders
  A shadow imp (D:6)
  A worm (D:3)
  3 dart slugs
  64 orcs
  5 bats
  3 endoplasms
  3 giant cockroaches
  7 goblins
  2 hobgoblins
  2 jackals (D:1)
  12 kobolds
  2 ball pythons (D:2)
  2 frilled lizards
  6 rats
  A fire vortex (Depths:4)
  2 starspawn tentacles (Abyss:3)
2208 creatures vanquished.

Vanquished Creatures (collateral kills)
  A dread lich (Vaults:4)
  An orb of fire (Zot:1)
  An ancient lich (Zot:5)
  A Killer Klown (Zot:5)
  Parghit (Depths:3)
  A golden dragon (Depths:3)
  A bone dragon (Abyss:5)
  2 Orb Guardians (Zot:5)
  An acid blob (Slime:5)
  A sphinx (D:15)
  A tentacled starspawn (Abyss:3)
  A nagaraja (Snake:4)
  2 rockslimes (Slime:5)
  5 vault wardens
  An iron dragon (Depths:3)
  Louise (Snake:4)
  An orc warlord (Vaults:1)
  An ironbound preserver (Vaults:1)
  A quicksilver ooze (Slime:5)
  2 very ugly things (Depths:2)
  A stone giant (Vaults:1)
  A vampire knight (Depths:3)
  2 deep elf annihilators
  A merfolk javelineer (Shoals:4)
  2 fire dragons
  A great orb of eyes (Slime:5)
  A salamander tyrant (Snake:4)
  5 hydras
  3 anacondas (Snake:4)
  2 catoblepae
  2 merfolk avatars (Shoals:4)
  2 ironbound frosthearts (Vaults:1)
  A merfolk aquamancer (Shoals:4)
  3 two-headed ogres
  A boulder beetle (Lair:2)
  2 death yaks
  2 dancing weapons
  4 naga warriors
  2 hell knights (Depths:2)
  3 naga sharpshooters (Snake:4)
  2 thrashing horrors
  2 deep elf knights
  A skeletal warrior (D:13)
  A salamander mystic (Snake:4)
  2 sea snakes
  A cherub (Zig:1)
  2 deep trolls
  A phantasmal warrior (D:15)
  2 harpies (Shoals:1)
  An ironbound convoker (Vaults:1)
  An orange crystal statue (Vaults:4)
  An orc knight (Orc:1)
  2 deep elf pyromancers
  A deep elf zephyrmancer (Elf:1)
  An oklob plant (D:10)
  A necromancer (Depths:2)
  A faun (Shoals:1)
  4 ugly things
  An orc sorcerer (Orc:2)
  2 slime creatures (D:15)
  A cyclops (D:13)
  2 salamanders (Snake:4)
  2 manticores
  An elephant (D:8)
  Joseph (Lair:1)
  2 moths of wrath
  2 water nymphs (Shoals:4)
  A merfolk siren (Shoals:2)
  2 guardian serpents (Snake:4)
  5 black mambas
  3 naga magi
  4 cane toads
  2 gargoyles
  3 smoke demons
  2 komodo dragons
  2 rime drakes (Lair:5)
  A freezing wraith (Vaults:1)
  A yaktaur (Vaults:1)
  4 merfolk
  2 trolls
  7 wind drakes
  2 hornets
  A wolf spider simulacrum (D:15)
  Prince Ribbit (D:6)
  8 blink frogs
  3 dream sheep (Lair:5)
  2 water elementals (Shoals:4)
  2 spriggans (Lair:5)
  2 wraiths (D:15)
  17 yaks
  2 large abominations (Abyss:3)
  A wyvern (Lair:1)
  6 vampire mosquitoes (D:14)
  3 basilisks (Lair:5)
  A steam dragon (D:6)
  A warg (Orc:1)
  2 acid dragons
  3 water moccasins
  10 nagas
  A floating eye (Slime:5)
  4 small abominations
  4 orc warriors
  A sky beast (D:8)
  2 black bears
  2 ogres
  2 wolves (Lair:5)
  3 bullfrogs
  A gnoll sergeant (D:9)
  4 wights (D:9)
  8 killer bees
  An electric eel (Lair:1)
  A howler monkey (D:7)
  2 jellies (D:6)
  2 gnoll boudas
  A hound (D:5)
  3 orc priests
  2 iguanas
  5 orc wizards
  10 gnolls
  An adder (D:4)
  2 white imps
  An ufetubus (D:5)
  A worm (D:4)
  12 orcs
  2 endoplasms
  3 giant cockroaches
  3 hobgoblins (D:1)
  A jackal (D:1)
  2 kobolds
  A quokka (D:1)
  2 ball pythons
  2 frilled lizards (D:1)
  2 goblins
  A rat (D:1)
310 creatures vanquished.

Vanquished Creatures (others)
  Rupert (D:13)
  An ice dragon (D:15)
  3 boulder beetles
  Urug (D:11)
  A deep elf archer (Elf:1)
  2 blink frogs (Lair:4)
  A large abomination (Abyss:3)
  A yak (Lair:5)
  A ynoxinul (Lair:5)
  3 basilisks (Lair:5)
  A vampire mosquito (D:14)
  Menkaure (D:5)
  2 water moccasins (Lair:5)
  2 small abominations (Lair:5)
  A centaur (D:15)
  A lemure (D:5)
  A howler monkey (D:13)
  A jelly (D:5)
  21 fungi
  A lurking horror (Abyss:3)
  120 plants
  4 starspawn tentacles (Abyss:3)
171 creatures vanquished.

Grand Total: 2689 creatures vanquished

Table legend:
 A = Non-vault XP
 B = Vault XP
 C = Vault XP percentage of total XP
 D = Non-vault monster count
 E = Vault monster count
 F = Vault count percentage of total count
                 A         B        C        D         E       F
            +---------+---------+-------+---------+---------+-------
      Total |  924600 |  607216 |  39.6 |    1708 |     801 |  31.9
            +---------+---------+-------+---------+---------+-------
        D:1 |      36 |       0 |   0.0 |      23 |       0 |   0.0
        D:2 |      68 |       0 |   0.0 |      20 |       0 |   0.0
        D:3 |      27 |      75 |  73.5 |      12 |       1 |   7.7
        D:4 |     252 |      21 |   7.7 |      10 |       3 |  23.1
        D:5 |     693 |    1253 |  64.4 |      17 |       6 |  26.1
        D:6 |     638 |     735 |  53.5 |      18 |       6 |  25.0
        D:7 |    1376 |       0 |   0.0 |      27 |       0 |   0.0
        D:8 |    1909 |    2788 |  59.4 |      15 |       6 |  28.6
        D:9 |    2374 |       0 |   0.0 |      36 |       0 |   0.0
       D:10 |    1997 |     595 |  23.0 |      10 |       1 |   9.1
       D:11 |    3047 |     798 |  20.8 |       7 |       1 |  12.5
       D:12 |   11245 |    3607 |  24.3 |      40 |      34 |  45.9
       D:13 |    8314 |    7444 |  47.2 |      23 |      11 |  32.4
       D:14 |    6988 |    2177 |  23.8 |      21 |       8 |  27.6
       D:15 |   19862 |    9997 |  33.5 |      41 |      21 |  33.9
     Lair:1 |    5096 |    1381 |  21.3 |      19 |       2 |   9.5
     Lair:2 |    4990 |    4513 |  47.5 |      19 |       6 |  24.0
     Lair:3 |    5188 |     751 |  12.6 |      17 |       2 |  10.5
     Lair:4 |    3616 |       0 |   0.0 |       9 |       0 |   0.0
     Lair:5 |   13583 |   15541 |  53.4 |      46 |      57 |  55.3
   Shoals:1 |   21324 |    4753 |  18.2 |      46 |       5 |   9.8
   Shoals:2 |   13239 |       0 |   0.0 |      25 |       0 |   0.0
   Shoals:3 |   17155 |    3669 |  17.6 |      37 |       7 |  15.9
   Shoals:4 |    6957 |   30890 |  81.6 |      17 |      60 |  77.9
    Snake:1 |   16518 |    6486 |  28.2 |      38 |      14 |  26.9
    Snake:2 |   24292 |    1231 |   4.8 |      52 |       1 |   1.9
    Snake:3 |   10296 |    3354 |  24.6 |      20 |       9 |  31.0
    Snake:4 |   13784 |   25867 |  65.2 |      29 |      34 |  54.0
    Slime:1 |    7406 |       0 |   0.0 |      20 |       0 |   0.0
    Slime:2 |    8035 |       0 |   0.0 |       9 |       0 |   0.0
    Slime:3 |   11024 |       0 |   0.0 |      24 |       0 |   0.0
    Slime:4 |    5153 |    1843 |  26.3 |      15 |       7 |  31.8
    Slime:5 |   21433 |   23482 |  52.3 |      37 |      17 |  31.5
      Orc:1 |    8989 |       0 |   0.0 |      65 |       0 |   0.0
      Orc:2 |    4919 |    6919 |  58.4 |      43 |      41 |  48.8
      Elf:1 |   30625 |    8471 |  21.7 |      51 |      14 |  21.5
      Elf:2 |   25897 |    4885 |  15.9 |      38 |       8 |  17.4
      Elf:3 |   15840 |   42242 |  72.7 |      24 |      35 |  59.3
   Vaults:1 |   30856 |   14141 |  31.4 |      50 |      17 |  25.4
   Vaults:2 |   24187 |   22066 |  47.7 |      41 |      32 |  43.8
   Vaults:3 |   22990 |   15011 |  39.5 |      34 |      18 |  34.6
   Vaults:4 |    6628 |   33550 |  83.5 |      13 |      41 |  75.9
   Vaults:5 |   25651 |  117830 |  82.1 |      38 |     100 |  72.5
   Depths:1 |   34307 |     558 |   1.6 |      42 |       3 |   6.7
   Depths:2 |   32999 |   12984 |  28.2 |      41 |      24 |  36.9
   Depths:3 |   17443 |    6576 |  27.4 |      17 |       3 |  15.0
   Depths:4 |   27122 |   14257 |  34.5 |      36 |      13 |  26.5
      Zot:1 |   52490 |   28412 |  35.1 |      46 |      22 |  32.4
      Zot:2 |   21516 |       0 |   0.0 |      18 |       0 |   0.0
      Zot:3 |   15801 |       0 |   0.0 |      12 |       0 |   0.0
      Zot:4 |    7886 |       0 |   0.0 |       4 |       0 |   0.0
      Zot:5 |   31413 |   93923 |  74.9 |      26 |      38 |  59.4
    Abyss:3 |   27059 |    9619 |  26.2 |      56 |      11 |  16.4
    Abyss:4 |    4833 |    1119 |  18.8 |       9 |       1 |  10.0
    Abyss:5 |    6009 |   19094 |  76.1 |      12 |      54 |  81.8
      Zig:1 |    1446 |       0 |   0.0 |       2 |       0 |   0.0
      Zig:2 |     984 |       0 |   0.0 |       4 |       0 |   0.0
      Zig:3 |    7469 |       0 |   0.0 |       2 |       0 |   0.0
      Zig:4 |    7942 |       0 |   0.0 |       4 |       0 |   0.0
      Zig:5 |    5371 |       0 |   0.0 |       6 |       0 |   0.0
      Zig:6 |    7908 |       0 |   0.0 |      11 |       0 |   0.0
      Zig:7 |    6816 |       0 |   0.0 |      14 |       0 |   0.0
      Zig:8 |    9714 |       0 |   0.0 |      13 |       0 |   0.0
      Zig:9 |   14436 |       0 |   0.0 |      14 |       0 |   0.0
     Zig:10 |   13194 |       0 |   0.0 |      17 |       0 |   0.0
     Zig:11 |   19628 |       0 |   0.0 |      17 |       0 |   0.0
     Zig:12 |   16466 |       0 |   0.0 |      32 |       0 |   0.0
     Zig:13 |   22457 |       0 |   0.0 |      28 |       0 |   0.0
     Zig:14 |   47394 |       0 |   0.0 |      29 |       0 |   0.0
    Volcano |       0 |    2308 | 100.0 |       0 |       7 | 100.0
            +---------+---------+-------+---------+---------+-------

Illustrated notes

Table legend:
 A = Kills in this place as a percentage of kills in entire the game.
 B = Kills by you in this place as a percentage of kills by you in the entire game.
 C = Kills by friends in this place as a percentage of kills by friends in the entire game.
 D = Other kills in this place as a percentage of other kills in the entire game.
 E = Experience gained in this place as a percentage of experience gained in the entire game.
 F = Experience gained in this place divided by the number of levels of this place that you have seen.
                   A       B       C       D       E      F
               +-------+-------+-------+-------+-------+----------------------
         Total | 100.0 | 100.0 | 100.0 | 100.0 | 100.0 | 20832.6
       Dungeon |  16.8 |  13.8 |  36.2 |  40.9 |   6.0 | 6122.7
          Lair |   7.0 |   4.2 |  23.9 |  54.5 |   3.5 | 10931.8
        Shoals |   7.8 |   7.8 |   8.7 |   0.0 |   6.4 | 24496.8
     Snake Pit |   7.8 |   7.5 |  10.7 |   0.0 |   6.6 | 25457.0
    Slime Pits |   5.1 |   5.7 |   1.6 |   0.0 |   5.1 | 15675.2
  Orcish Mines |   5.9 |   6.5 |   2.6 |   0.0 |   1.4 | 10413.5
   Elven Halls |   6.8 |   7.4 |   2.6 |   4.5 |   8.3 | 42653.3
        Vaults |  15.3 |  16.9 |   4.9 |   0.0 |  20.3 | 62582.0
        Depths |   7.1 |   7.7 |   3.6 |   0.0 |   9.5 | 36561.5
           Zot |   6.8 |   7.5 |   1.9 |   0.0 |  16.7 | 51543.0
         Abyss |   5.7 |   6.2 |   2.6 |   0.0 |   4.4 | 13546.6
      Ziggurat |   7.7 |   8.8 |   0.3 |   0.0 |  11.8 | 12944.6
       Volcano |   0.3 |   0.3 |   0.3 |   0.0 |   0.1 | 2308.0
               +-------+-------+-------+-------+-------+----------------------

Table legend: (Time is in decaauts)
 A = Elapsed time spent in this place.
 B = Non-inter-level travel time spent in this place.
 C = Inter-level travel time spent in this place.
 D = Time resting spent in this place.
 E = Time spent auto-exploring this place.
 F = Levels seen in this place.
 G = Mean time per level.
                   A        B        C        D        E       F      G
               +--------+--------+--------+--------+--------+-----+--------+
         Total |  52104 |  46924 |   5180 |   5328 |  27213 |  74 |  704.1 |
       Dungeon |  16892 |  14842 |   2050 |   2316 |   9394 |  15 | 1126.1 |
          Lair |   6317 |   5319 |    998 |    723 |   3217 |   5 | 1263.4 |
        Shoals |   3953 |   3846 |    107 |    274 |   2378 |   4 |  988.2 |
     Snake Pit |   3068 |   2949 |    119 |    110 |   1908 |   4 |  767.0 |
    Slime Pits |   1498 |   1401 |     97 |     17 |    694 |   5 |  299.6 |
  Orcish Mines |   1395 |   1229 |    166 |    105 |    706 |   2 |  697.5 |
   Elven Halls |   3105 |   2960 |    145 |    607 |   1446 |   3 | 1035.0 |
        Vaults |   7158 |   6220 |    938 |    349 |   4132 |   5 | 1431.6 |
        Depths |   4168 |   3821 |    347 |    531 |   2284 |   4 | 1042.0 |
           Zot |   2120 |   1911 |    209 |     52 |    824 |   5 |  424.0 |
         Abyss |    959 |    959 |      0 |     21 |      0 |   5 |  191.8 |
      Ziggurat |   1012 |   1012 |      0 |    197 |      0 |  14 |   72.3 |
        Bazaar |    213 |    213 |      0 |      0 |    131 |   2 |  106.5 |
       Volcano |    240 |    240 |      0 |     24 |     99 |   1 |  240.0 |
               +--------+--------+--------+--------+--------+-----+--------+

Top non-repeatable levels by time:
Vaults:5: 1798 daAuts
  Lair:5: 1662 daAuts
    D:12: 1639 daAuts
   Elf:3: 1618 daAuts
  Lair:3: 1594 daAuts
     D:5: 1576 daAuts
    D:15: 1478 daAuts
Vaults:3: 1461 daAuts
Vaults:4: 1416 daAuts
    D:11: 1346 daAuts
  Lair:1: 1327 daAuts
Depths:3: 1320 daAuts
Vaults:1: 1300 daAuts
     D:7: 1275 daAuts
    D:13: 1243 daAuts
